 Dungeon Crawl Stone Soup version 0.27-a0-1149-g4505690ab0 (webtiles) character file.

Game seed: 8394397868458006489

1512 freelancePsychic the Slicer (level 9, -1/55 HPs)
             Began as a Kobold Delver on May 14, 2021.
             Was a Priest of Yredelemnul.
             Killed from afar by a steam dragon (13 damage)
             ... with a ball of steam
             ... on level 6 of the Dungeon.
             The game lasted 00:16:23 (6418 turns).

freelancePsychic the Slicer (Kobold Delver)         Turns: 6418, Time: 00:16:24

Health: -1/55      AC: 11    Str: 12    XL:     9   Next: 9%
Magic:  0/12       EV: 15    Int: 11    God:    Yredelemnul [***...]
Gold:   244        SH:  0    Dex: 17    Spells: 8/8 levels left

rFire    . . .     SeeInvis .   j - +0 rapier (vamp)
rCold    . . .     Faith    .   (shield restricted)
rNeg     . . .     Spirit   +   u - +3 ring mail
rPois    .         Reflect  .   (no helmet)
rElec    .         Harm     .   (no cloak)
rCorr    .         Rampage  .   d - +2 pair of gloves
Will     .....                  (no boots)
Stlth    ++++......             n - amulet of guardian spirit
HPRegen  0.18/turn              (no ring)
MPRegen  0.13/turn              (no ring)

@: no status effects
A: small, no large weapons, nightstalker 3
a: Renounce Religion, Recall Undead Slaves, Injury Mirror, Animate Dead


You were on level 6 of the Dungeon.
You worshipped Yredelemnul.
Yredelemnul was most pleased with you.
You visited 1 branch of the dungeon, and saw 6 of its levels.

You collected 244 gold pieces.

Inventory:

Hand Weapons
 a - a +0 short sword
 j - a +0 vampiric rapier (weapon)
 k - a +2 whip of draining
 q - a +0 hunting sling of freezing
Armour
 b - a +0 leather armour
 d - a +2 pair of gloves (worn)
 s - a +0 kite shield
 u - a +3 ring mail (worn)
Jewellery
 n - an amulet of guardian spirit (around neck)
Wands
 g - a wand of digging (3)
 x - a wand of flame (16)
 z - a wand of paralysis (13)
Scrolls
 c - 2 scrolls of fog
 h - 3 scrolls of magic mapping
 i - a scroll of amnesia
 p - a scroll of immolation
 v - a scroll of brand weapon
 y - a scroll of acquirement {unknown}
 A - 4 scrolls of identify {@r1}
Potions
 e - 2 potions of might
 f - 2 potions of haste {@q3}
 l - 2 potions of brilliance {unknown}
 m - a potion of mutation {unknown}
 o - a potion of lignification {unknown}
 t - a potion of magic {unknown}
 w - 2 potions of flight {unknown}


   Skills:
 + Level 5.7 Fighting
 * Level 9.7 Short Blades
 + Level 5.1 Dodging
 - Level 7.1 Stealth
 - Level 5.2 Invocations


You had 8 spell levels left.
You didn't know any spells.
Your spell library contained the following spells:

 Spells                   Type           Power      Damage    Failure   Level
 Beastly Appendage        Tmut           0%         N/A       63%         1
 Summon Small Mammal      Summ           0%         N/A       63%         1
 Call Imp                 Summ           0%         N/A       77%         2
 Wereblood                Tmut           0%         N/A       77%         2
 Call Canine Familiar     Summ           0%         N/A       94%         3
 Spider Form              Tmut/Pois      0%         N/A       94%         3
 Summon Guardian Golem    Hex/Summ       0%         N/A       94%         3
 Ice Form                 Ice/Tmut       0%         N/A       100%        4
 Summon Ice Beast         Ice/Summ       0%         N/A       100%        4
 Summon Lightning Spire   Summ/Air       0%         N/A       100%        4
 Hydra Form               Tmut           0%         N/A       100%        5


Dungeon Overview and Level Annotations

Branches:
Dungeon (6/15)
 Temple: D:4-7

Altars:
Sif Muna
Yredelemnul

Annotations:
D:5 1 runed translucent door, ardl's ghost, amateur DgBr


Innate Abilities, Weirdness & Mutations

You are small and have problems with some larger weapons.
You are completely attuned to the shadows.


Message History

The steam dragon breathes steam at you. The ball of steam hits you!
* * * LOW HITPOINT WARNING * * *
Your orc wizard zombie closely misses the steam dragon.
Your orc skeleton hits the steam dragon but does no damage.
The steam dragon barely misses you.
The steam dragon claws you but does no damage.
Your orc wizard skeleton hits the steam dragon but does no damage.
The steam dragon bites your orc wizard skeleton.
The steam dragon claws your orc wizard skeleton.
Your orc wizard skeleton is destroyed!
Your orc wizard zombie barely misses the steam dragon.
Your orc skeleton hits the steam dragon with a +0 hand axe.
The steam dragon breathes steam at your orc skeleton.
The ball of steam hits your orc skeleton!
Your orc skeleton is destroyed!
Your orc wizard zombie hits the steam dragon with a +0 dagger.
Your ogre skeleton barely misses the steam dragon.
The steam dragon completely misses your orc wizard zombie.
The steam dragon barely misses your orc wizard zombie.
Your orc wizard zombie hits the steam dragon with a +0 dagger.
The steam dragon bites your orc wizard zombie but does no damage.
The steam dragon claws your orc wizard zombie.
Your ogre skeleton closely misses the steam dragon.
Your orc wizard zombie hits the steam dragon with a +0 dagger.
The steam dragon bites your orc wizard zombie.
Your orc wizard zombie is destroyed!
The steam dragon bites your ogre skeleton.
The steam dragon claws your ogre skeleton.
Your ogre skeleton barely misses the steam dragon.
The steam dragon bites your ogre skeleton!
Your ogre skeleton is destroyed!
The steam dragon breathes steam at you. The ball of steam misses you.
There is a stone staircase leading up, spattered with blood here.
You are engulfed in a cloud of scalding steam.
The steam dragon breathes steam at you. The ball of steam hits you!
You die...
Your body rises from the dead as a mindless zombie.

#.#.##.#.ZZ.# #Z##.Z.......
#..ZZ...#.### #Z##########.
###Z####.## #Z# #. #Z# ### #Z#
#. #.#### #Z# #. #.ZZ.#
####### ##.###### #. ####.#
#.....# #.......#####. #Z#
#.....####.#.##.Z....Z. ###Z#
#...§§@.##.#.........[.
##...###..D§.#.......#.......<
#.###Z##...).####.##.##.#####)
#.# #.######## #.##.##.# #.
#.###.# #....Z..# #.
##...###############Z#### #.
##.Z........[Z.# #Z# #.
#.Z##.....ZZ#.# #.#
#.Z##.##.Z#.#.####.#


You could see a steam dragon (catching breath).

Vanquished Creatures
  A water moccasin (D:5)
  3 ice beasts (D:6)
  A black bear (D:5)
  2 ogres
  A sky beast (D:6)
  A necrophage (D:6)
  An orc priest (D:4)
  2 iguanas
  A bullfrog skeleton (D:4)
  6 hounds
  4 orc wizards
  A hound zombie (D:5)
  2 howler monkey zombies
  5 adders
  3 gnolls (D:2)
  A white imp (D:6)
  An adder skeleton (D:4)
  2 worms
  4 dart slugs
  11 orcs
  7 bats
  7 endoplasms
  2 giant cockroaches
  5 goblins
  6 hobgoblins
  2 jackals (D:3)
  5 quokkas
  10 ball pythons
  7 frilled lizards
  12 kobolds
  6 rats
  A spectral orc (D:4)
123 creatures vanquished.

Vanquished Creatures (collateral kills)
  A necrophage (D:6)
  An ogre (D:6)
2 creatures vanquished.

Vanquished Creatures (others)
  A hound zombie (D:6)
  A necrophage skeleton (D:6)
  An ogre skeleton (D:6)
  2 orc skeletons (D:6)
  An orc zombie (D:6)
  2 fungi (D:3)
  5 toadstools (D:3)
13 creatures vanquished.

Grand Total: 138 creatures vanquished

Notes
Turn   | Place    | Note
-------+----------+-------------------------------------------
     0 | D:5      | freelancePsychic the Kobold Delver began the quest for the
                  | Orb.
     0 | D:5      | Reached XP level 1. HP: 14/14 MP: 1/1
    29 | D:5      | Noticed a hound
   463 | D:4      | Found a shimmering blue altar of Sif Muna.
   505 | D:4      | Reached skill level 3 in Short Blades
   505 | D:4      | Reached XP level 2. HP: 20/20 MP: 2/2
   505 | D:4      | Reached XP level 3. HP: 24/24 MP: 3/3
   693 | D:4      | Reached XP level 4. HP: 29/29 MP: 4/4
   776 | D:4      | Reached skill level 4 in Short Blades
   807 | D:4      | Found a basalt altar of Yredelemnul.
   813 | D:4      | Became a worshipper of Yredelemnul the Dark
  1243 | D:3      | Reached XP level 5. HP: 33/33 MP: 5/5
  2336 | D:2      | Reached * piety under Yredelemnul
  2385 | D:2      | Reached skill level 1 in Invocations
  2682 | D:2      | Reached XP level 6. HP: 38/39 MP: 5/7
  3198 | D:1      | Reached ** piety under Yredelemnul
  3223 | D:1      | Reached skill level 5 in Short Blades
  4105 | D:5      | Found a runed translucent door.
  4233 | D:5      | Noticed ardl's ghost (amateur DgBr)
  4235 | D:5      | Noticed a shadow
  4321 | D:5      | Noticed a water moccasin
  4325 | D:5      | Killed a water moccasin
  4326 | D:5      | Reached skill level 6 in Short Blades
  4326 | D:5      | Reached XP level 7. HP: 44/44 MP: 7/9
  4513 | D:5      | Reached skill level 7 in Short Blades
  5147 | D:6      | Reached XP level 8. HP: 48/48 MP: 11/11
  5169 | D:5      | Reached *** piety under Yredelemnul
  5176 | D:6      | Reached skill level 5 in Invocations
  5677 | D:6      | Reached skill level 8 in Short Blades
  5794 | D:6      | Reached skill level 5 in Fighting
  5954 | D:6      | Reached skill level 9 in Short Blades
  6101 | D:6      | Reached XP level 9. HP: 54/54 MP: 12/12
  6203 | D:6      | Reached skill level 5 in Dodging
  6277 | D:6      | Identified the +0 plate armour "Nob Wot" {Int+5}
  6418 | D:6      | Killed from afar by a steam dragon

Illustrated notes

Levels and vault maps discovered:
D:1:      ncdulo_wetmaze, layout_rooms, minmay_heptomino_h4
D:2:      layout_loops_ring
D:3:      layout_basic, minmay_gold_behind_fungi
D:4:      layout_basic, kennysheep_mini, yredelemnul_forgotten_temple_becter,
          palyth_stone_intersect
D:5:      layout_loops_corners, ebering_ghost_inner_flame
D:6:      layout_loops_cross, minmay_quadrilaterals

Skill      XL: |  1  2  3  4  5  6  7  8  9 |
---------------+----------------------------+-----
Short Blades   | 3 4 6 7 9 |  9.7
Stealth        | 7 |  7.1
Fighting       | 4 5 |  5.7
Dodging        | 3 4 5 |  5.1
Invocations    | 1 3 4 5 |  5.2

Action                   |  1- 3 |  4- 6 |  7- 9 || total
-------------------------+-------+-------+-------++-------
Melee: Short sword       |    29 |     1 |       ||    30
       Rapier            |       |   222 |   189 ||   411
Invok: Animate Dead      |       |       |    10 ||    10
  Use: Scroll            |     2 |       |     4 ||     6
       Potion            |       |       |     2 ||     2
 Stab: Sleeping          |     8 |    29 |    11 ||    48
       Distracted        |       |     1 |     1 ||     2
Armor: Leather armour    |     7 |    14 |       ||    21
       Scale mail        |       |    32 |       ||    32
       Ring mail         |       |       |    55 ||    55
Dodge: Dodged            |    10 |   119 |   117 ||   246

Table legend: (Time is in decaauts)
 A = Elapsed time spent in this place.
 B = Non-inter-level travel time spent in this place.
 C = Inter-level travel time spent in this place.
 D = Time resting spent in this place.
 E = Time spent auto-exploring this place.
 F = Levels seen in this place.
 G = Mean time per level.
                   A        B        C        D        E       F      G
               +--------+--------+--------+--------+--------+-----+--------+
         Total |   6381 |   6054 |    327 |    701 |   4327 |   6 | 1063.5 |
       Dungeon |   6381 |   6054 |    327 |    701 |   4327 |   6 | 1063.5 |
               +--------+--------+--------+--------+--------+-----+--------+

Top non-repeatable levels by time:
     D:5: 1518 daAuts
     D:4: 1260 daAuts
     D:3: 1153 daAuts
     D:6: 957 daAuts
     D:2: 827 daAuts
     D:1: 664 daAuts
